 Dungeon Crawl Stone Soup version 0.30-a0-845-g7c6808c8ce (webtiles) character file.

Game seed: 8319899121425211810

33879 Duck the Tortoise (level 13, -6/187 HPs)
             Began as a Minotaur Berserker on Mar 2, 2023.
             Was a High Priest of Trog.
             Mangled by a six-headed hydra (15 damage)
             ... on level 3 of the Lair of Beasts.
             The game lasted 00:48:13 (14503 turns).

Duck the Tortoise (Minotaur Berserker)             Turns: 14503, Time: 00:48:13

Health: -6/187     AC: 24    Str: 22    XL:     13   Next: 39%
Magic:  0/12       EV:  9    Int:  3    God:    Trog [*****.]
Gold:   504        SH: 22    Dex: 24    Spells: 12/12 levels left

rFire   . . .      SeeInvis .    I - +2 broad axe (spect)
rCold   + + +      Faith    .    C - +2 tower shield
rNeg    . . .      Spirit   +    G - +0 plate armour
rPois   .          Reflect  .    (helmet unavailable)
rElec   .          Rampage  .    J - scarf {rC+ rF+}
rCorr   .                        N - +1 pair of gloves
Will    ++...                    x - +2 pair of boots Stlth
                                 b - amulet of guardian spirit
HPRegen 1.51/turn                M - ring of Bueroc {rC++ Dex+6}
MPRegen 0.13/turn                n - +4 ring of slaying

@: berserking (expiring), strong-willed, regenerating, very quick
A: horns 3, retaliatory headbutt, agile 1, shaggy fur 1, heat vulnerability 1
a: Renounce Religion, Berserk, Trog's Hand, Brothers in Arms


You were on level 3 of the Lair of Beasts.
You worshipped Trog.
Trog was extremely pleased with you.
You visited 2 branches of the dungeon, and saw 15 of its levels.

You collected 713 gold pieces.
You spent 209 gold pieces at shops.

Inventory:

Hand Weapons
 j - a +5 hand axe of venom
 I - a +2 spectral broad axe (weapon)
 L - a +0 war axe of flaming
 R - a +3 executioner's axe
Armour
 x - a +2 pair of boots (worn)
 C - a +2 tower shield (worn)
 G - a +0 plate armour (worn)
 J - a scarf of resistance (worn)
 N - a +1 pair of gloves (worn)
Jewellery
 a - a ring of willpower
 b - an amulet of guardian spirit (around neck)
 f - a ring of flight
 l - a ring of ice
 n - a +4 ring of slaying (right hand)
 z - a ring of poison resistance
 E - an amulet of the acrobat
 M - the ring of Bueroc (left hand) {rC++ Dex+6}
   (You acquired it on level 2 of the Lair of Beasts)

   [ring of dexterity]

   Dex:       It affects your dexterity (+6).
   rC:        It greatly protects you from cold.
 P - an amulet of faith
 Q - a ring of magical power
Wands
 o - a wand of flame (37)
 y - a wand of paralysis (3)
 A - a wand of roots (18)
 O - a wand of mindburst (6)
Scrolls
 e - 2 scrolls of fog
 g - 9 scrolls of teleportation
 h - 4 scrolls of noise
 i - 4 scrolls of fear
 m - 2 scrolls of brand weapon
 B - 2 scrolls of magic mapping
 H - 3 scrolls of poison
 K - a scroll of identify
Potions
 c - 7 potions of lignification
 d - 7 potions of flight
 k - 4 potions of attraction
 p - 2 potions of magic
 q - 2 potions of ambrosia
 r - 2 potions of heal wounds
 s - 4 potions of brilliance
 t - 4 potions of curing
 u - a potion of berserk rage {unknown}
 v - 2 potions of resistance
 w - 2 potions of might
 D - a potion of invisibility
 F - 3 potions of haste


   Skills:
 + Level 14.4 Fighting
 + Level 12.9 Axes
 - Level 15.0 Armour
 - Level 7.0 Dodging
 * Level 12.1 Shields


You had 12 spell levels left.
You didn't know any spells.
Your spell library was empty.

Dungeon Overview and Level Annotations

Branches:
Dungeon (12/15)            Temple (0/1) D:5            Lair (3/5) D:9
 Shoals (0/4) Lair:3       Spider (0/4) Lair:3          Orc (0/2) D:12

Altars:
Ashenzari
Cheibriados
Gozag
Ru
Vehumet
Wu Jian
The Shining One

Shops:
D:3 *   D:6 ?   D:9 (   D:11 *:

Annotations:
Lair:3 1 transporter, lunkers's ghost, journeyman MeFi


Innate Abilities, Weirdness & Mutations

You have a pair of large horns on your head.
You reflexively headbutt those who attack you in melee.
You are agile. (Dex +4, Str/Int -1)
You are covered in fur. (AC +1)
You are vulnerable to heat. (rF-)


Message History

The three-headed hydra grows two more!
You slice the five-headed hydra!! You slash lunkers's ghost!
You block lunkers's ghost's attack. The 12-headed hydra bites you!
The 12-headed hydra bites you.
* * * LOW HITPOINT WARNING * * *
The 12-headed hydra closely misses you.
You block the 12-headed hydra's attack. x3
The 12-headed hydra bites you but does no damage.
The 12-headed hydra bites you.
* * * LOW HITPOINT WARNING * * *
The 12-headed hydra bites you but does no damage.
You block the 12-headed hydra's attack.
The 12-headed hydra bites you but does no damage. x2
The moth of wrath bites you but does no damage.
The five-headed hydra bites you but does no damage. x2
The five-headed hydra closely misses you.
The five-headed hydra barely misses you. x2
You barely miss the 12-headed hydra.
The 12-headed hydra is severely wounded.
You barely miss the moth of wrath.
You hack one of the five-headed hydra's heads off!
The four-headed hydra grows two more!
You slice the six-headed hydra!! You completely miss lunkers's ghost.
You block the 12-headed hydra's attack. The 12-headed hydra closely misses you.
The 12-headed hydra bites you.
* * * LOW HITPOINT WARNING * * *
The 12-headed hydra bites you!
* * * LOW HITPOINT WARNING * * *
You block the 12-headed hydra's attack. The 12-headed hydra bites you.
* * * LOW HITPOINT WARNING * * *
The 12-headed hydra barely misses you. You block the 12-headed hydra's attack.
The 12-headed hydra closely misses you. You block the 12-headed hydra's attack.
The 12-headed hydra bites you!
* * * LOW HITPOINT WARNING * * *
You block the 12-headed hydra's attack.
You block the six-headed hydra's attack.
The six-headed hydra closely misses you.
The six-headed hydra bites you!
* * * LOW HITPOINT WARNING * * *
The six-headed hydra bites you.
* * * LOW HITPOINT WARNING * * *
The six-headed hydra bites you!
You die...

###......###......###
#...#####.##.....#.#.
#..##y.....#.........
##.##....#..##........
##..#W..#...#.#........
##...##..##.#. #..?......
#....©#.#...#$##.........
##...##....D#"#........#.
#.).# #@WS"#©.....(#.P
##...#.#.yD#.[#..........
#....##.#.y...##.........
#.....#...#.#..#.†.........
#.....#...#.#..#.†..#.P#P..
#.....#©......##...#.###..#
#.....###...###.....### #.
#.......#####.......#.## #
#................###.#.####


You could see a 12-headed hydra (berserk), a six-headed hydra (berserk), 2 moths
of wrath, a water moccasin and lunkers's ghost.

Vanquished Creatures
  A balrug (D:11)
  Fannar (D:10)
  A centaur warrior (D:8)
  A hydra (Lair:3)
  A boulder beetle (D:11)
  7 two-headed ogres
  4 skeletal warriors (D:12)
  2 harpies (Lair:3)
  The ghost of retardedninja the Shield-Bearer, a novice GnFi (D:6)
  A manticore (D:12)
  6 elephants
  An ugly thing (D:12)
  4 black mambas (Lair:2)
  2 gargoyles (D:12)
  A cane toad (Lair:3)
  4 unseen horrors
  3 kobold demonologists
  5 komodo dragons
  2 trolls (D:11)
  Grinder (D:3)
  A hornet (D:11)
  9 blink frogs
  2 culicivoras (Lair:3)
  2 jumping spiders (Lair:3)
  4 slime creatures (D:12)
  8 yaks
  4 wyverns
  A shadow (D:11)
  2 vampires (D:12)
  3 basilisks
  Grum (Lair:1)
  2 redbacks (Lair:3)
  8 vampire mosquitoes
  Edmund (D:5)
  2 acid dragons
  6 water moccasins
  A sky beast (D:6)
  7 orc warriors
  3 ice beasts
  5 ogres
  15 wolves
  3 boggarts (D:12)
  4 phantoms
  5 kobold brigands (D:9)
  9 bullfrogs
  2 gnoll sergeants
  A scorpion (D:6)
  3 wights (D:8)
  15 killer bees
  5 howler monkeys
  4 jellies
  5 orc priests
  6 hounds
  Jessica (D:3)
  2 iguanas (D:5)
  2 sleepcaps
  Natasha (thrice) (D:2)
  9 orc wizards
  Robin (D:2)
  15 gnolls
  6 adders
  A shadow imp (D:8)
  2 ufetubi
  A worm (D:5)
  5 dart slugs
  42 orcs
  8 ball pythons
  9 endoplasms
  5 giant cockroaches
  18 goblins
  9 hobgoblins
  3 jackals (D:2)
  3 quokkas
  4 bats
  5 frilled lizards
  17 kobolds
  5 rats
374 creatures vanquished.

Vanquished Creatures (others)
  11 fungi
  18 plants
29 creatures vanquished.

Grand Total: 403 creatures vanquished

Notes
Turn   | Place    | Note
-------+----------+-------------------------------------------
     0 | D:1      | Duck the Minotaur Berserker began the quest for the Orb.
     0 | D:1      | Reached XP level 1. HP: 19/19 MP: 0/0
   117 | D:1      | Reached XP level 2. HP: 25/27 MP: 1/1
   348 | D:1      | Reached ** piety under Trog
   611 | D:1      | Reached XP level 3. HP: 28/33 MP: 2/2
   723 | D:2      | Noticed Robin
   731 | D:2      | Killed Robin
   781 | D:2      | Noticed Natasha
   788 | D:2      | Killed Natasha
   789 | D:2      | Reached skill level 5 in Axes
   789 | D:2      | Reached skill level 3 in Armour
   789 | D:2      | Reached XP level 4. HP: 24/41 MP: 3/3
   881 | D:2      | Found a snail-covered altar of Cheibriados.
   943 | D:2      | Noticed Natasha
   949 | D:2      | Killed Natasha
   953 | D:2      | Noticed Natasha
   959 | D:2      | Killed Natasha
   960 | D:2      | Reached XP level 5. HP: 34/47 MP: 4/4
  1051 | D:2      | Found a faded altar of an unknown god.
  1596 | D:2      | Reached skill level 5 in Fighting
  1770 | D:3      | Found Lomiam's General Store.
  1778 | D:3      | Reached *** piety under Trog
  1789 | D:3      | Reached skill level 4 in Armour
  1837 | D:3      | Noticed Grinder
  1850 | D:3      | Killed Grinder
  1851 | D:3      | Reached XP level 6. HP: 56/56 MP: 5/5
  1928 | D:3      | Noticed Jessica
  1935 | D:3      | Killed Jessica
  1986 | D:3      | Found a broken altar of Ashenzari.
  2412 | D:4      | Reached XP level 7. HP: 62/62 MP: 6/6
  2420 | D:4      | Reached skill level 5 in Armour
  2799 | D:4      | Reached **** piety under Trog
  3384 | D:4      | Identified the +3 whip of the World {freeze, MP+9 Dex+3}
  3553 | D:5      | Entered Level 5 of the Dungeon
  3564 | D:5      | Reached XP level 8. HP: 71/71 MP: 7/7
  3574 | D:5      | Reached skill level 6 in Armour
  3710 | D:5      | Found a staircase to the Ecumenical Temple.
  3790 | D:5      | Noticed a kobold demonologist
  3793 | D:5      | Noticed a hellwing
  3797 | D:5      | Killed a kobold demonologist
  3798 | D:5      | Reached skill level 10 in Axes
  3862 | D:5      | Noticed Edmund
  3869 | D:5      | Killed Edmund
  3870 | D:5      | Reached skill level 7 in Armour
  4324 | D:5      | Noticed a two-headed ogre
  4501 | D:6      | Reached skill level 1 in Shields
  4501 | D:6      | Reached XP level 9. HP: 81/81 MP: 8/8
  5003 | D:6      | Found Foreto's Magic Scroll Shop.
  5008 | D:6      | Bought a scroll of identify for 28 gold pieces
  5008 | D:6      | Bought a scroll of identify for 28 gold pieces
  5008 | D:6      | Bought a scroll of enchant weapon for 105 gold pieces
  5086 | D:6      | Found a runed translucent gate.
  5087 | D:6      | Found a runed translucent gate.
  5100 | D:6      | Found a runed translucent gate.
  5100 | D:6      | Noticed retardedninja's ghost (novice GnFi)
  5111 | D:6      | Killed retardedninja's ghost
  5774 | D:7      | Found a sacrificial altar of Ru.
  5774 | D:7      | Found an opulent altar of Gozag.
  5778 | D:7      | Found a radiant altar of Vehumet.
  5837 | D:7      | Reached XP level 10. HP: 85/93 MP: 7/9
  6161 | D:7      | Found a glowing golden altar of the Shining One.
  6162 | D:7      | Found a snail-covered altar of Cheibriados.
  6293 | D:7      | Gained mutation: You have sharp toenails. [potion of
                  | mutation]
  6319 | D:8      | Reached skill level 10 in Fighting
  6472 | D:8      | Noticed a centaur warrior
  6485 | D:8      | Killed a centaur warrior
  6595 | D:8      | Noticed a two-headed ogre
  6619 | D:7      | Killed a two-headed ogre
  7336 | D:8      | Reached skill level 10 in Shields
  7540 | D:9      | Found a staircase to the Lair.
  7609 | D:9      | Noticed a two-headed ogre
  7632 | D:9      | Killed a two-headed ogre
  7633 | D:9      | Reached skill level 5 in Dodging
  7802 | D:9      | Found Lefu Ete's Weapon Boutique.
  7829 | D:9      | Noticed a two-headed ogre
  7836 | D:9      | Killed a two-headed ogre
  7915 | D:9      | Reached ***** piety under Trog
  7920 | D:9      | Reached XP level 11. HP: 99/99 MP: 10/10
  8274 | D:9      | Gained mutation: You are clumsy. (Dex -2) [a neqoxec]
  8479 | D:9      | Bought a +0 broad axe for 48 gold pieces
  8492 | D:10     | Entered Level 10 of the Dungeon
  8513 | D:10     | Lost mutation: You are clumsy. (Dex -2) [potion of
                  | mutation]
  8513 | D:10     | Lost mutation: You have sharp toenails. [potion of
                  | mutation]
  8513 | D:10     | Gained mutation: You are robust. (+10% HP) [potion of
                  | mutation]
  8513 | D:10     | Gained mutation: Your body sometimes deteriorates upon
                  | taking damage. [potion of mutation]
  8553 | D:10     | Noticed a two-headed ogre
  8559 | D:10     | Killed a two-headed ogre
  8560 | D:10     | Reached skill level 8 in Armour
  8990 | D:10     | Noticed Fannar
  9001 | D:10     | Killed Fannar
  9002 | D:10     | Reached skill level 9 in Armour
  9485 | D:11     | Noticed a two-headed ogre
  9489 | D:11     | Killed a two-headed ogre
  9490 | D:11     | Reached skill level 10 in Armour
  9670 | D:11     | Found Juoch's Assorted Antiques.
  9826 | D:11     | Paralysed by a hornet for 3 turns
  9948 | D:11     | Found Ninecott's Book Boutique.
  9953 | D:11     | Noticed a boulder beetle
  9969 | D:11     | Killed a boulder beetle
  9970 | D:11     | Reached skill level 11 in Armour
 10033 | D:11     | Found an ornate altar of the Wu Jian Council.
 10040 | D:11     | Noticed a two-headed ogre
 10048 | D:11     | Killed a two-headed ogre
 10247 | D:11     | Lost mutation: You are robust. (+10% HP) [potion of
                  | mutation]
 10247 | D:11     | Lost mutation: Your body sometimes deteriorates upon taking
                  | damage. [potion of mutation]
 10247 | D:11     | Gained mutation: You have a pair of large horns on your
                  | head. [potion of mutation]
 10247 | D:11     | Gained mutation: You are agile. (Dex +4, Str/Int -1)
                  | [potion of mutation]
 10247 | D:11     | Gained mutation: You are vulnerable to heat. (rF-) [potion
                  | of mutation]
 10247 | D:11     | Gained mutation: You are covered in fur. (AC +1) [potion of
                  | mutation]
 10316 | D:11     | Found a runed translucent door.
 10319 | D:11     | Noticed a balrug
 10325 | D:11     | Killed a balrug
 10570 | D:12     | Noticed a red ugly thing
 10580 | D:12     | Killed a red ugly thing
 10581 | D:12     | Reached skill level 12 in Armour
 10581 | D:12     | Reached XP level 12. HP: 82/112 MP: 7/11
 10819 | D:12     | Noticed a two-headed ogre
 10844 | D:12     | Reached skill level 13 in Armour
 11204 | D:12     | Identified the +3 leather armour of Xulupro {*Slow Dex+8
                  | Slay+4 Stlth-}
 11335 | D:12     | Noticed a two-headed ogre
 11340 | D:12     | Killed a two-headed ogre
 11341 | D:12     | Reached skill level 14 in Armour
 11728 | D:12     | Received a gift from Trog
 11768 | D:12     | Found a staircase to the Orcish Mines.
 11869 | Lair:1   | Entered Level 1 of the Lair of Beasts
 12262 | Lair:1   | Noticed Grum
 12267 | Lair:1   | Killed Grum
 12271 | Lair:1   | Reached skill level 15 in Armour
 12933 | Lair:2   | Reached XP level 13. HP: 123/123 MP: 12/12
 13563 | Lair:2   | Identified a scroll of acquirement
 13563 | Lair:2   | Acquired the ring of Bueroc {rC++ Dex+6}
 13912 | Lair:3   | Found a hole to the Spider Nest.
 13979 | Lair:3   | Found a staircase to the Shoals.
 14278 | Lair:3   | Received a gift from Trog
 14385 | Lair:3   | Found a transporter.
 14405 | Lair:3   | Noticed lunkers's ghost (journeyman MeFi)
 14439 | Lair:3   | Found a transporter.
 14503 | Lair:3   | HP: 9/187 [six-headed hydra (2)]
 14503 | Lair:3   | Mangled by a six-headed hydra

Illustrated notes

Levels and vault maps discovered:
D:1:      dpeg_arrival_stone_temple_mockup, layout_rooms
D:2:      layout_basic, shapermc_ecumenical_altar_rom_forum, basic_altar,
          uniq_natasha, uniq_robin
D:3:      layout_loops_cross, overflow_temple_1_default, serial_shops,
          nicolae_shop_waterfront, uniq_grinder, uniq_jessica
D:4:      minmay_opposing_rooms, layout_basic
D:5:      layout_basic, minmay_temple_entry_statues_pillars,
          chequers_mini_garden, lightli_corner_chamber, uniq_edmund
D:6:      layout_basic, serial_shops, kennysheep_little_box,
          ebering_ghost_rock_garden
D:7:      layout_basic, nicolae_overflow_hidden_temple
D:8:      layout_layer_cave
D:9:      layout_gridville, lair_entry_dummy, serial_shops, shop,
          minmay_misc_feat_square, kennysheep_cluttered_room, fungi_pond_lemuel,
          nicolae_concentric_dashed_squares_wild
D:10:     layout_roguey, serial_rivers, chequers_serial_rivers_room_a,
          chequers_serial_rivers_small_3, chequers_serial_rivers_room_b,
          chequers_serial_rivers_room_b, uniq_fannar
D:11:     dreamdust_dug_too_deep, layout_loops_ring, serial_shops,
          nicolae_shop_stone, kennysheep_mini, nicolae_wu_jian_wuxing_cycle
D:12:     layout_long_grid, david_orc_4, st_stairs_2, hangedman_decor_slide_cut
Lair:1:   layout_loops_ring, serial_forest, infiniplex_forest_corner_2,
          infiniplex_forest_lined_corner, infiniplex_forest_fountain,
          infiniplex_forest_3_way, infiniplex_forest_end_3, minivault_24,
          uniq_grum
Lair:2:   layout_regular_city, infiniplex_staircase_pool
Lair:3:   layout_layer_cave, nicolae_shoals_entry_roost,
          nicolae_spider_entry_tight_spaces, gammafunk_ghost_berserking_beasts,
          serial_bayou_shore_a, uniq_nessos

Skill      XL: |  1  2  3  4  5  6  7  8  9 10 11 12 13 |
---------------+----------------------------------------+-----
Axes           | 4 5 7 8 10 11 12 | 12.9
Fighting       | 4 5 6 8 9 10 12 13 14 | 14.4
Armour         | 3 4 5 7 12 15 | 15.0
Shields        | 1 8 10 12 | 12.1
Dodging        | 7 |  7.0

Action                     |  1- 3 |  4- 6 |  7- 9 | 10-12 | 13-15 || total
---------------------------+-------+-------+-------+-------+-------++-------
  Melee: Hand axe          |    65 |    74 |   175 |   114 |       ||   428
         Headbutt          |    17 |     7 |    39 |    86 |    29 ||   178
         Broad axe         |       |       |       |   221 |    88 ||   309
 Invoke: Berserk           |     1 |     1 |     4 |    10 |     2 ||    18
         Trog's Hand       |       |       |       |       |     1 ||     1
    Use: Scroll            |     7 |     4 |    13 |     9 |     1 ||    34
         Potion            |       |       |       |     5 |       ||     5
   Stab: Distracted        |       |       |       |     3 |     2 ||     5
 Armour: Animal skin       |     3 |       |       |       |       ||     3
         Ring mail         |    14 |       |       |       |       ||    14
         Scale mail        |       |    27 |     8 |       |       ||    35
         Chain mail        |       |       |    56 |    14 |       ||    70
         Plate armour      |       |       |       |   114 |   119 ||   233
  Dodge: Dodged            |    39 |    27 |    29 |    44 |    33 ||   172
  Block: Tower shield      |       |       |    49 |   290 |   128 ||   467

Table legend: (Time is in decaauts)
 A = Elapsed time spent in this place.
 B = Non-inter-level travel time spent in this place.
 C = Inter-level travel time spent in this place.
 D = Time resting spent in this place.
 E = Time spent auto-exploring this place.
 F = Levels seen in this place.
 G = Mean time per level.
                   A        B        C        D        E       F      G
               +--------+--------+--------+--------+--------+-----+--------+
         Total |  14752 |  14121 |    631 |   2521 |   9373 |  15 |  983.5 |
       Dungeon |  12069 |  11499 |    570 |   2055 |   7663 |  12 | 1005.8 |
          Lair |   2682 |   2621 |     61 |    465 |   1709 |   3 |  894.0 |
               +--------+--------+--------+--------+--------+-----+--------+

Top non-repeatable levels by time:
    D:11: 1252 daAuts
    D:12: 1164 daAuts
     D:8: 1164 daAuts
     D:4: 1088 daAuts
    D:10: 1060 daAuts
     D:7: 1047 daAuts
     D:2: 1013 daAuts
     D:9: 981 daAuts
  Lair:3: 948 daAuts
  Lair:1: 947 daAuts
     D:6: 938 daAuts
     D:5: 880 daAuts
  Lair:2: 787 daAuts
     D:3: 750 daAuts
     D:1: 727 daAuts
